 Dungeon Crawl Stone Soup version 0.25-a0-668-gea548f19b6 (webtiles) character file.

Game seed: 12036253109876653226, levelgen mode: deterministic

973 Kohma the Jinx (level 7, 0/32 HPs)
             Began as a Spriggan Enchanter on Mar 28, 2020.
             Was an Initiate of Kikubaaqudgha.
             Slain by Pikel
             ... wielding a +0 whip of freezing
              (3 damage)
             ... on level 5 of the Dungeon.
             The game lasted 00:26:43 (8245 turns).

Kohma the Jinx (Spriggan Enchanter)                 Turns: 8245, Time: 00:26:43

Health: 0/32       AC:  4    Str:  7    XL:     7   Next: 94%
Magic:  5/21       EV: 18    Int: 18    God:    Kikubaaqudgha [......]
Gold:   168        SH:  0    Dex: 17    Spells: 1/12 levels left

rFire    . . .     SeeInvis +   a - +5 dagger
rCold    . . .     Gourm    .   (shield restricted)
rNeg     . . .     Faith    .   r - +2 robe {MR+}
rPois    .         Spirit   .   (helmet restricted)
rElec    .         Reflect  .   (no cloak)
rCorr    .         Harm     .   (gloves unavailable)
MR       ++...                  (boots unavailable)
Stlth    +++.......             (no amulet)
HPRegen  0.10/turn              i - ring of magical power
MPRegen  0.17/turn              d - +3 ring of strength

@: very quick
A: very small, unfitting armour, see invisible, herbivore, speed 3, slow
metabolism 2
a: Renounce Religion


You were on level 5 of the Dungeon.
You worshipped Kikubaaqudgha.
Kikubaaqudgha was noncommittal.
You were hungry.

You visited 2 branches of the dungeon, and saw 6 of its levels.
You also visited: Sewer.

You collected 168 gold pieces.

Inventory:

Hand Weapons
 a - a +5 dagger (weapon)
 t - a +0 rapier
Missiles
 c - 128 stones (quivered)
Armour
 r - a +2 robe of magic resistance (worn)
Jewellery
 d - a +3 ring of strength (right hand)
 i - a ring of magical power (left hand)
Scrolls
 h - 2 scrolls of teleportation
 j - a scroll of remove curse
Potions
 g - a potion of cancellation {unknown}
 k - a potion of invisibility {unknown}
 l - 3 potions of curing
 m - a potion of stabbing {unknown}
 o - 2 potions of mutation {unknown}
 p - a potion of haste {unknown}
 s - 2 potions of lignification


   Skills:
 + Level 0.4 Fighting
 * Level 6.8 Short Blades
 - Level 3.0 Dodging
 - Level 5.0 Stealth
 - Level 3.0 Spellcasting
 - Level 8.0 Hexes
 - Level 1.0 Ice Magic
 + Level 0.5 Air Magic
 + Level 0.6 Poison Magic


You had one spell level left.
You knew the following spells:

 Your Spells              Type           Power        Failure   Level  Hunger
a - Tukima's Dance        Hex            ####....     1%          3    ###....
b - Ensorcelled Hibernat  Hex/Ice        ###...       3%          2    ##.....
c - Confusing Touch       Hex            ####....     1%          3    ###....
d - Mephitic Cloud        Conj/Pois/Air  #.......     38%         3    ###....

Your spell library contained the following spells:

 Spells                   Type           Power        Failure   Level  Hunger
 Corona                   Hex            ####...      1%          1    None
 Magic Dart               Conj           #...         16%         1    None
 Slow                     Hex            ####....     1%          2    ##.....
 Dazzling Flash           Conj/Hex       ###...       10%         3    ###....
 Blink                    Tloc           N/A          24%         2    ##.....
 Call Imp                 Summ           #.......     24%         2    ##.....
 Conjure Flame            Conj/Fire      #.......     43%         3    ###....


Dungeon Overview and Level Annotations

Branches:
Dungeon (5/15)             Temple (1/1) D:5           Sewer (visited)

Altars:
Cheibriados
Dithmenos
Elyvilon
Fedhas
Gozag
Kikubaaqudgha
Makhleb
Nemelex Xobeh
Okawaru
Qazlal
Ru
Sif Muna
Trog
Uskayaw
Vehumet
Wu Jian
Xom
Yredelemnul
Zin
The Shining One

Annotations:
D:5 Pikel


Innate Abilities, Weirdness & Mutations

You are very small and have problems with some larger weapons.
You are too small for most types of armour.
You have supernaturally acute eyesight. (SInv)
You are a herbivore.
You cover ground extremely quickly.
You need to consume almost no food.


Message History

The slave hits you but does no damage.
You barely miss Pikel.
Pikel is almost dead.
The slave hits you but does no damage. Pikel barely misses you.
The slave hits you but does no damage.
You hit Pikel.
Pikel is almost dead.
You feel less wooden.
Your +2 robe of magic resistance unmelds from your body.
You feel resistant to hostile enchantments.
The slave completely misses you. Pikel misses you.
The slave closely misses you.
a - a +5 dagger (weapon)
The slave hits you.
Pikel says, "You'll fetch a fair price!"
Pikel hits you with a +0 whip of freezing!
* * * LOW HITPOINT WARNING * * *
Pikel freezes you.
You die...
Kikubaaqudgha rasps: "You have failed me!
Welcome... death!"

........,.....#....,,,,,,*
........,.....#....,,,,,,*
........,.........#*******
........,..[......#
........,.........#
......#.,.........#
...##.#**#.....psl#
..##,,***...#.##p##
...#.##.,,***,#p@#
...#.#..***,,,#K##*****
#......****,**#c,,,,,,**
#....#** *,,**#.,,,,,,,**
#.(..# *,**,..,,,,,,,,*
#..#.#####,**,..,,,,,,,,*
#..#.....#.#*...,,,,,,,,*
...........#*...,,,,,,,,*
.#........##*,,,,,,,,,,,*


You could see Pikel, 3 slaves, a centaur, a scorpion and a frilled lizard.

Vanquished Creatures
  A hippogriff (D:4)
  Sigmund (D:3)
  A bullfrog (Sewer)
  A crimson imp (D:5)
  A hound (D:5)
  A centaur skeleton (D:4)
  2 orc priests (D:4)
  A bullfrog skeleton (D:4)
  2 orc wizards (D:4)
  A worker ant (D:5)
  A hound zombie (D:3)
  3 worker ant zombies (D:3)
  8 adders
  A gnoll (D:1)
  13 oozes (Sewer)
  2 worms
  8 dart slugs (D:3)
  11 leopard geckos
  7 orcs (D:4)
  7 ball pythons (Sewer)
  4 bats
  15 giant cockroaches
  3 goblins
  4 hobgoblins
  A quokka (D:4)
  16 frilled lizards
  A giant cockroach zombie (D:3)
  A jackal skeleton (D:4)
  A jackal zombie (D:3)
  4 kobolds
  17 rats
140 creatures vanquished.

Notes
Turn   | Place    | Note
-------+----------+-------------------------------------------
     0 | D:1      | Kohma the Spriggan Enchanter began the quest for the Orb.
     0 | D:1      | Reached XP level 1. HP: 9/9 MP: 5/5
   130 | D:1      | Reached skill level 4 in Hexes
   188 | D:1      | Reached XP level 2. HP: 13/13 MP: 4/6
   201 | D:1      | Learned a level 2 spell: Ensorcelled Hibernation
  1112 | D:1      | Reached skill level 5 in Stealth
  1112 | D:1      | Reached XP level 3. HP: 16/16 MP: 3/8
  1183 | D:1      | Learned a level 3 spell: Confusing Touch
  1849 | D:2      | Found an opulent altar of Gozag.
  2208 | D:2      | Found an opulent altar of Gozag.
  2533 | D:2      | Reached skill level 5 in Hexes
  2901 | D:3      | Reached XP level 4. HP: 13/21 MP: 3/9
  3100 | D:3      | Found a sparkling altar of Nemelex Xobeh.
  3386 | D:3      | Found a glowing drain.
  3395 | Sewer    | Entered a sewer
  3797 | Sewer    | Reached XP level 5. HP: 19/24 MP: 1/10
  4053 | Sewer    | Reached skill level 6 in Hexes
  4425 | Sewer    | Reached skill level 1 in Ice Magic
  5159 | Sewer    | Reached XP level 6. HP: 19/28 MP: 8/11
  5439 | D:3      | Reached skill level 7 in Hexes
  5950 | D:3      | Noticed Sigmund
  6090 | D:3      | Killed Sigmund
  6090 | D:3      | Reached XP level 7. HP: 32/32 MP: 12/12
  6363 | D:4      | Reached skill level 8 in Hexes
  6530 | D:4      | Noticed a hippogriff
  6575 | D:4      | Killed a hippogriff
  6575 | D:4      | Reached skill level 5 in Short Blades
  7521 | D:5      | Entered Level 5 of the Dungeon
  7531 | D:5      | Learned a level 3 spell: Tukima's Dance
  7535 | D:5      | Learned a level 3 spell: Mephitic Cloud
  7548 | D:5      | Found a staircase to the Ecumenical Temple.
  7567 | Temple   | Entered the Ecumenical Temple
  7603 | Temple   | Became a worshipper of Kikubaaqudgha
  8018 | D:5      | Noticed Pikel
  8245 | D:5      | Slain by Pikel

Levels and vault maps discovered:
D:1:      erik_arrival_orb_chamber, layout_loops_ring, minmay_distorted
D:2:      layout_basic, nicolae_gozag_cash_rules_everything_around_me
D:3:      kennysheep_slugbush, layout_basic, nemelex_altar_shiori,
          gup_sewer_entry_bubbles, serial_undead, serial_undead_b,
          serial_undead_d, serial_undead_e, serial_undead_d, uniq_sigmund
D:4:      layout_rooms, corexii_item_surrounded_by_moat
D:5:      layout_rooms, minmay_temple_entry_butterflies, first_ration,
          uniq_pikel
Temple:   dpeg_five_rooms_temple

Skill      XL: |  1  2  3  4  5  6  7 |
---------------+----------------------+-----
Hexes          | 4 5 6 7 8 |  8.0
Spellcasting   | 3 |  3.0
Stealth        | 5 |  5.0
Short Blades   | 2 3 4 6 |  6.8
Ice Magic      | 1 |  1.0
Fighting       | |  0.4
Dodging        | |  3.0
Air Magic      | |  0.5
Poison Magic   | |  0.6

Action                   |  1- 3 |  4- 6 |  7- 9 || total
-------------------------+-------+-------+-------++-------
Melee: Dagger            |    81 |   426 |   180 ||   687
       Unarmed           |       |       |    18 ||    18
Throw: Stone             |     1 |     9 |    11 ||    21
 Cast: Corona            |    11 |       |       ||    11
       Ensorcelled Hiber |    29 |    42 |    27 ||    98
       Confusing Touch   |       |     6 |     4 ||    10
  Use: Potion            |       |     1 |     3 ||     4
       Scroll            |       |       |    14 ||    14
 Stab: Sleeping          |    23 |    27 |     8 ||    58
       Confused          |       |     7 |     4 ||    11
  Eat: Ration            |       |     4 |     2 ||     6
Armor: Robe              |     7 |    24 |    22 ||    53
       Skin              |       |       |    51 ||    51
Dodge: Dodged            |    56 |   310 |   173 ||   539

Table legend:
 A = Non-vault XP
 B = Vault XP
 C = Vault XP percentage of total XP
 D = Non-vault monster count
 E = Vault monster count
 F = Vault count percentage of total count
                 A         B        C        D         E       F
            +---------+---------+-------+---------+---------+-------
      Total |     717 |     674 |  48.5 |      50 |      90 |  64.3
            +---------+---------+-------+---------+---------+-------
        D:1 |      16 |      26 |  61.9 |      10 |      13 |  56.5
        D:2 |      44 |       0 |   0.0 |      11 |       0 |   0.0
        D:3 |      11 |     360 |  97.0 |       8 |      23 |  74.2
        D:4 |     505 |       0 |   0.0 |      17 |       0 |   0.0
        D:5 |     141 |       0 |   0.0 |       4 |       0 |   0.0
      Sewer |       0 |     288 | 100.0 |       0 |      54 | 100.0
            +---------+---------+-------+---------+---------+-------
